 Dungeon Crawl Stone Soup version 0.32-a0-938-g40ac7a0 (webtiles) character file.

Game seed: 13599661620718960113

175570 rotlqkf the Marksdemigod (level 16, -8/135 (149) HPs)
             Began as a Demigod Hunter on Apr 16, 2024.
             Mangled by a +6 dire flail of draining (14 damage)
             ... animated by Zenata
             ... on level 1 of the Elven Halls.
             The game lasted 00:45:19 (24114 turns).

rotlqkf the Marksdemigod (Demigod Hunter)          Turns: 24114, Time: 00:45:20

HP:   -8/135 (149)  AC: 12    Str: 12    XL:     16   Next: 67%
MP:   23/23         EV: 35    Int: 11    God:
Gold: 2418          SH:  0    Dex: 43    Spells: 11/20 levels left

rFire   . . .        S - +0 longbow (freeze)
rCold   . . .        (shield currently unavailable)
rNeg    . . .        H - +3 troll leather armour
rPois   .            V - +0 helmet
rElec   .            Z - +0 cloak {Will+}
rCorr   .            b - +2 pair of gloves
SInv    .            X - +0 pair of boots
Will    +++..        F - amulet of the acrobat
Stlth   ++++         J - +4 ring of slaying
HPRegen 1.22/turn    m - +6 ring of dexterity
MPRegen 0.18/turn

%: acrobat
@: lethally poisoned (-8 -> -8), drained
A: high MP 1, forlorn, divine attributes, claws 1, thin skeletal structure 1,
clumsy 1, strong-willed 1, passive freeze
}: 1/15 runes: barnacled
a: no special abilities


You were on level 1 of the Elven Halls.
You visited 5 branches of the dungeon, and saw 27 of its levels.
You also visited: Ice Cave.

You collected 2929 gold pieces.
You spent 511 gold pieces at shops.

Inventory:

Hand Weapons
 S - a +0 longbow of freezing (weapon)
Missiles
 E - 3 throwing nets
 K - 8 curare-tipped darts (quivered)
Armour
 b - a +2 pair of gloves (worn)
 H - a +3 troll leather armour (worn)
 V - a +0 helmet (worn)
 X - a +0 pair of boots (worn)
 Z - a +0 cloak of willpower (worn)
Jewellery
 a - a ring of flight
 d - a +5 ring of evasion
 i - a ring of willpower
 m - a +6 ring of dexterity (right hand)
 s - a ring of protection from cold
 F - an amulet of the acrobat (around neck)
 G - a ring of fire
 J - a +4 ring of slaying (left hand)
Wands
 o - a wand of digging (14)
 u - a wand of acid (12)
 v - a wand of warping (36)
 Y - a wand of flame (24)
Scrolls
 g - 2 scrolls of noise
 j - 3 scrolls of poison {unknown}
 n - 6 scrolls of revelation
 p - 4 scrolls of enchant weapon {unknown}
 q - 2 scrolls of summoning
 r - 7 scrolls of teleportation
 t - 5 scrolls of torment
 w - 4 scrolls of identify
 y - 2 scrolls of immolation
 z - 4 scrolls of vulnerability
 B - 6 scrolls of fear
 C - a scroll of blinking {unknown}
 N - a scroll of enchant armour
 Q - a scroll of fog {unknown}
Potions
 c - 3 potions of haste
 e - 6 potions of heal wounds
 f - 2 potions of mutation
 h - 3 potions of berserk rage
 k - 12 potions of curing
 l - 2 potions of degeneration
 x - a potion of enlightenment
 A - 2 potions of cancellation
 I - 2 potions of resistance
 L - 4 potions of might
 M - a potion of magic {unknown}
 O - 2 potions of attraction {unknown}
 P - 4 potions of ambrosia
 R - 5 potions of brilliance {unknown}
Miscellaneous
 D - a phantom mirror
 T - a condenser vane
 U - a box of beasts
 W - a Gell's gravitambourine (2/2)


   Skills:
 - Level 15.0 Fighting
 - Level 20.0 Ranged Weapons
 + Level 15.2 Dodging
 - Level 0.8 Stealth
 + Level 2.5 Spellcasting
 + Level 2.8 Translocations


You had 11 spell levels left.
You knew the following spells:

 Your Spells              Type           Power      Damage    Failure   Level
a - Dimensional Bullseye  Hex/Tloc       2%         N/A       89%         4
b - Yara's Violent Unrav  Hex/Alch       0%         3d3       100%        5

Your spell library contained the following spells:

 Spells                   Type           Power      Damage    Failure   Level
 Lesser Beckoning         Tloc           14%        N/A       17%         2
 Maxwell's Portable Pile  Tloc           7%         2d(5-15)  32%         3
 Teleport Other           Tloc           7%         N/A       32%         3
 Necrotise                Necr           4%         1d4       34%         1
 Call Imp                 Summ           2%         N/A       47%         2
 Cigotuvi's Dreadful Rot  Necr/Alch/Air  2%         N/A       47%         2
 Sublimation of Blood     Necr           1%         N/A       47%         2
 Call Canine Familiar     Summ           1%         N/A       71%         3
 Hailstorm                Conj/Ice       1%         3d5       71%         3
 Sigil of Binding         Hex            1%         N/A       71%         3
 Summon Ice Beast         Ice/Summ       1%         N/A       71%         3
 Tukima's Dance           Hex            1%         N/A       71%         3
 Vampiric Draining        Necr           1%         2d6       71%         3
 Passage of Golubria      Tloc           7%         N/A       73%         4
 Dispel Undead            Necr           1%         3d6       98%         4
 Martyr's Knell           Necr/Summ      1%         N/A       98%         4
 Curse of Agony           Necr           1%         N/A       100%        5
 Summon Mana Viper        Hex/Summ       1%         N/A       100%        5
 Permafrost Eruption      Ice/Erth       0%         2x4d1     100%        6
 Sculpt Simulacrum        Ice/Alch       0%         N/A       100%        6
 Monstrous Menagerie      Summ           0%         N/A       100%        7
 Summon Hydra             Summ           0%         N/A       100%        7


Dungeon Overview and Level Annotations

Branches:
Dungeon (15/15)            Temple (0/1) D:7            Lair (5/5) D:10
 Shoals (4/4) Lair:3       Spider (0/4) Lair:2        Slime (0/5) Lair:5
    Orc (2/2) D:12            Elf (1/3) Orc:2        Vaults (0/5) D:14
 Depths (0/4) D:15          IceCv (visited)

Shops:
D:1 :   D:4 (   D:10 *   D:12 [(   D:15 =   Orc:2 ([[*[   Shoals:3 *

Portals:
Trove: D:15 (give 16 scrolls of teleportation)

Annotations:
Elf:1 Zenata


Innate Abilities, Weirdness & Mutations

You have an increased reservoir of magic. (+10% MP)
You shall have no god before yourself.
Your divine heritage dramatically boosts your attributes as you level up.
You have sharp fingernails.
You have a somewhat thin skeletal structure. (Dex +2, Stealth+)
You are clumsy. (Dex -2)
You are strong-willed. (Will+)
A frigid envelope surrounds you and freezes all who hurt you.


Message History

The +6 dire flail of draining is heavily damaged.
The +2 mace of venom completely misses you.
The +2 mace of venom closely misses you.
Fire: S) +0 longbow (freeze)
Press: ? - help, Shift-Dir - straight line, f/p - Zenata
Aim: Zenata, wielding a +2 spectral lajatang and wearing a +0 leather armour (lightly wounded, poisoned, 80% to hit)
You shoot an arrow.
The arrow barely misses the +2 mace of venom.
The arrow barely misses the +6 dire flail of draining.
The arrow hits the +1 scimitar of electrocution!!
The +1 scimitar of electrocution is almost destroyed.
The +2 mace of venom closely misses you.
The +2 mace of venom hits you.
You are poisoned.
The +2 mace of venom is very cold.
The +2 mace of venom resists.
The +2 mace of venom is lightly damaged.
Fire: S) +0 longbow (freeze)
Press: ? - help, Shift-Dir - straight line, f/p - Zenata
Aim: Zenata, wielding a +2 spectral lajatang and wearing a +0 leather armour (lightly wounded, poisoned, 80% to hit)
You shoot an arrow. The arrow hits the +2 mace of venom!!!
You destroy the +2 mace of venom!
The +2 mace of venom disappears in a puff of smoke!
You feel sick.
The +6 dire flail of draining closely misses you.
Fire: S) +0 longbow (freeze)
Press: ? - help, Shift-Dir - straight line, f/p - Zenata
Aim: Zenata, wielding a +2 spectral lajatang and wearing a +0 leather armour (lightly wounded, poisoned, 80% to hit)
You shoot an arrow.
The arrow hits the +6 dire flail of draining but does no damage.
The +6 dire flail of draining is moderately damaged.
You feel sick.
The +6 dire flail of draining hits you!!
* * * LOW HITPOINT WARNING * * *
You feel drained.
* * * LOW HITPOINT WARNING * * *
The +6 dire flail of draining is very cold.
The +6 dire flail of draining resists.
The +6 dire flail of draining is moderately damaged.
The +6 dire flail of draining hits you!
You die...

##.......##
#....^....#
#.........#
#######.........#
+.....'.........+
#######.........#
# ##.......## #
##.....#'##
##'##+###@## #
##.## ##(## ##
##.## ##(####
.#####.## ##a..#
#'#.#'##
#.......# +.....#
#..a....# #.....#
#.......# #.....#
#(.>....# #+#.#+#
#.......#


You could see Zenata (poisoned) and 2 dancing weapons.

Vanquished Creatures
  Saint Roka (Orc:2)
  Nikola (Shoals:1)
  Frances (Elf:1)
  Polyphemus (Shoals:4)
  The ghost of sekai the Fighter, a journeyman VSBr of Xom (Lair:4)
  8 merfolk javelineers
  5 merfolk impalers
  A fire dragon (D:15)
  An ice dragon (D:15)
  8 hydras
  Harold (Lair:2)
  A vault guard (D:15)
  3 alligator snapping turtles (Shoals:4)
  2 catoblepae
  7 centaur warriors
  2 merfolk avatars
  5 merfolk aquamancers
  5 boulder beetles
  3 ogre magi (Orc:2)
  3 satyrs
  10 death yaks
  A deep troll shaman (Lair:5)
  10 two-headed ogres
  6 orc high priests (Orc:2)
  5 skysharks
  10 sea snakes
  5 arcanists
  2 bog bodies (IceCv)
  2 obsidian statues (D:14)
  A kraken simulacrum (Shoals:4)
  24 harpies
  3 lindwurms
  An orange crystal statue (D:14)
  2 orc knights
  4 deep elf zephyrmancers (Elf:1)
  2 deep elf pyromancers
  11 ugly things
  An oklob plant (Lair:3)
  8 cyclopes
  6 fauns
  11 manticores
  11 elephants (Lair:5)
  A water nymph (Shoals:1)
  11 merfolk sirens
  A torpor snail (Lair:5)
  4 black mambas
  7 cane toads
  A gargoyle (D:12)
  8 komodo dragons
  Maggie (D:7)
  3 unseen horrors
  A rime drake (Lair:5)
  An ice statue (IceCv)
  3 kobold demonologists (D:13)
  A freezing wraith (D:14)
  3 efreet
  Jeremiah (D:8)
  A tengu conjurer (D:14)
  2 ice devils (IceCv)
  A queen bee (Lair:4)
  14 trolls
  6 wind drakes
  29 merfolk
  3 harpy zombies (Shoals:1)
  2 polar bears
  A jumping spider (Lair:2)
  9 dream sheep
  3 hornets (Lair:4)
  19 blink frogs
  6 snapping turtles
  20 water elementals
  4 slime creatures (D:15)
  4 culicivoras (Lair:2)
  2 wraiths
  A wyvern (Lair:4)
  A vampire (D:11)
  A dire elephant simulacrum (IceCv)
  48 yaks
  2 basilisks
  14 wargs
  A death yak simulacrum (IceCv)
  A vampire mosquito (D:11)
  2 redbacks (Lair:2)
  4 harpy simulacra (IceCv)
  2 acid dragons
  Menkaure (D:7)
  A water moccasin (shapeshifter) (D:15)
  15 water moccasins
  3 manticore zombies (Shoals:1)
  9 ogres
  2 black bears (Lair:5)
  An ice beast (D:5)
  2 laughing skulls (D:13)
  17 orc warriors
  2 sky beasts
  9 wolves
  A crocodile (shapeshifter) (D:15)
  11 centaurs
  2 phantoms
  5 kobold brigands
  9 bullfrogs
  6 two-headed ogre simulacra (IceCv)
  3 scorpions
  2 cane toad simulacra (IceCv)
  6 wights
  4 elephant simulacra (IceCv)
  19 killer bees
  2 howler monkeys
  7 electric eels (D:11)
  3 hounds
  26 orc priests
  A gnoll bouda (D:7)
  An iron imp (D:3)
  4 sleepcaps
  3 iguanas
  20 orc wizards
  2 troll simulacra (IceCv)
  3 spriggan simulacra (IceCv)
  4 wolf simulacra (IceCv)
  5 polar bear simulacra (IceCv)
  15 gnolls
  8 adders
  7 naga simulacra (IceCv)
  3 shadow imps
  9 white imps
  4 ufetubi
  4 dart slugs
  2 ribbon worms
  88 orcs
  4 bats
  A bat zombie (Shoals:1)
  10 endoplasms
  8 giant cockroaches
  7 goblins
  10 hobgoblins
  29 kobolds
  9 quokkas
  6 ball pythons
  4 frilled lizards
  10 rats
895 creatures vanquished.

Vanquished Creatures (collateral kills)
  Donald (Orc:2)
1 creature vanquished.

Vanquished Creatures (others)
  A kobold (D:13)
  4 tentacles (Shoals:4)
5 creatures vanquished.

Grand Total: 901 creatures vanquished

Notes
Turn   | Place    | Note
-------+----------+-------------------------------------------
     0 | D:1      | rotlqkf the Demigod Hunter began the quest for the Orb.
     0 | D:1      | Reached XP level 1. HP: 17/17 MP: 3/3
   107 | D:1      | Reached skill level 4 in Ranged Weapons
   189 | D:1      | Reached XP level 2. HP: 24/24 MP: 4/4
   271 | D:1      | Found Jautuwn's Book Shoppe.
   753 | D:2      | Reached XP level 3. HP: 29/29 MP: 5/5
  1097 | D:1      | Reached skill level 5 in Ranged Weapons
  1249 | D:2      | Reached XP level 4. HP: 34/36 MP: 6/6
  1759 | D:2      | Reached skill level 6 in Ranged Weapons
  1780 | D:2      | Reached XP level 5. HP: 41/41 MP: 7/7
  2452 | D:3      | Reached skill level 7 in Ranged Weapons
  2452 | D:3      | Reached XP level 6. HP: 46/48 MP: 8/8
  2934 | D:4      | Found Holisako's Weapon Emporium.
  3388 | D:5      | Entered Level 5 of the Dungeon
  3502 | D:5      | Noticed a yak
  3502 | D:5      | Noticed a yak
  3502 | D:5      | Noticed a yak
  3519 | D:5      | Noticed a yak
  3549 | D:5      | Killed a yak
  3550 | D:5      | Reached skill level 8 in Ranged Weapons
  3550 | D:5      | Reached XP level 7. HP: 9/53 MP: 9/9
  3922 | D:5      | Reached skill level 9 in Ranged Weapons
  4010 | D:5      | Noticed a yak
  4013 | D:5      | Killed a yak
  4025 | D:5      | Killed a yak
  4026 | D:5      | Reached XP level 8. HP: 60/60 MP: 10/10
  4028 | D:5      | Reached skill level 10 in Ranged Weapons
  5351 | D:7      | Noticed Maggie
  5365 | D:7      | Killed Maggie
  5366 | D:7      | Reached skill level 5 in Fighting
  5366 | D:7      | Reached skill level 5 in Dodging
  5366 | D:7      | Reached XP level 9. HP: 74/74 MP: 11/11
  5378 | D:7      | Noticed Menkaure
  5405 | D:7      | Killed Menkaure
  5977 | D:7      | Found a staircase to the Ecumenical Temple.
  6238 | D:8      | Reached skill level 11 in Ranged Weapons
  6285 | D:8      | Noticed Jeremiah
  6295 | D:8      | Killed Jeremiah
  6326 | D:8      | Noticed a five-headed hydra
  6336 | D:8      | Killed a five-headed hydra
  6337 | D:8      | Reached XP level 10. HP: 83/83 MP: 13/13
  6551 | D:8      | Reached skill level 12 in Ranged Weapons
  7764 | D:9      | Gained mutation: You are dopey. (Int -2) [potion of
                  | mutation]
  7764 | D:9      | Gained mutation: A frigid envelope surrounds you and
                  | freezes all who hurt you. [potion of mutation]
  7764 | D:9      | Gained mutation: Your flesh is cold resistant. (rC+)
                  | [potion of mutation]
  7765 | D:9      | Lost mutation: A frigid envelope surrounds you and freezes
                  | all who hurt you. [potion of mutation]
  7765 | D:9      | Lost mutation: Your flesh is cold resistant. (rC+) [potion
                  | of mutation]
  7765 | D:9      | Gained mutation: You have a pair of small antennae on your
                  | head. [potion of mutation]
  7765 | D:9      | Gained mutation: You do not regenerate when monsters are
                  | visible. [potion of mutation]
  7765 | D:9      | Gained mutation: Armour fits poorly on your strangely
                  | shaped body. [potion of mutation]
  7766 | D:9      | Lost mutation: You have a pair of small antennae on your
                  | head. [potion of mutation]
  7766 | D:9      | Lost mutation: You do not regenerate when monsters are
                  | visible. [potion of mutation]
  7766 | D:9      | Lost mutation: You are dopey. (Int -2) [potion of mutation]
  7766 | D:9      | Gained mutation: Your body sometimes deteriorates upon
                  | taking damage. [potion of mutation]
  7766 | D:9      | Gained mutation: You have a pair of small horns on your
                  | head. [potion of mutation]
  7767 | D:9      | Lost mutation: Your body sometimes deteriorates upon taking
                  | damage. [potion of mutation]
  7767 | D:9      | Lost mutation: You have a pair of small horns on your head.
                  | [potion of mutation]
  7767 | D:9      | Gained mutation: You expend magic power (3 MP) to
                  | strengthen your wands. [potion of mutation]
  7767 | D:9      | Gained mutation: Your flesh is heat resistant. (rF+)
                  | [potion of mutation]
  7779 | D:10     | Entered Level 10 of the Dungeon
  7779 | D:10     | Found Cossenamm's Overcharged Wands.
  7796 | D:10     | Lost mutation: You expend magic power (3 MP) to strengthen
                  | your wands. [potion of mutation]
  7796 | D:10     | Lost mutation: Your flesh is heat resistant. (rF+) [potion
                  | of mutation]
  7796 | D:10     | Lost mutation: Armour fits poorly on your strangely shaped
                  | body. [potion of mutation]
  7796 | D:10     | Gained mutation: You sometimes lose your temper in combat.
                  | [potion of mutation]
  7796 | D:10     | Gained mutation: You have an uncontrollable temper. [potion
                  | of mutation]
  7796 | D:10     | Gained mutation: You occasionally shout uncontrollably at
                  | your foes. [potion of mutation]
  7797 | D:10     | Lost mutation: You have an uncontrollable temper. [potion
                  | of mutation]
  7797 | D:10     | Lost mutation: You sometimes lose your temper in combat.
                  | [potion of mutation]
  7797 | D:10     | Gained mutation: You are frail. (-10% HP) [potion of
                  | mutation]
  7797 | D:10     | Gained mutation: You occasionally lose the ability to drink
                  | potions when taking damage. [potion of mutation]
  7797 | D:10     | Gained mutation: You are occasionally teleported next to
                  | monsters. [potion of mutation]
  7797 | D:10     | Gained mutation: You have a pair of small horns on your
                  | head. [potion of mutation]
  7903 | D:10     | Noticed a two-headed ogre
  7908 | D:10     | Killed a two-headed ogre
  7909 | D:10     | Reached skill level 13 in Ranged Weapons
  8080 | D:10     | Found a staircase to the Lair.
  8221 | D:10     | Noticed a two-headed ogre
  8222 | D:10     | Reached skill level 14 in Ranged Weapons
  8235 | D:10     | Killed a two-headed ogre
  8255 | D:10     | Reached XP level 11. HP: 80/80 MP: 14/14
  8588 | D:11     | Noticed a two-headed ogre
  8593 | D:11     | Killed a two-headed ogre
  8793 | D:11     | Reached skill level 15 in Ranged Weapons
  8833 | D:11     | Identified the +7 rapier of Resumed Hostilities {heavy,
                  | rElec}
  8861 | D:11     | Noticed a boulder beetle
  8883 | D:11     | Killed a boulder beetle
  9505 | Lair:1   | Entered Level 1 of the Lair of Beasts
  9544 | Lair:1   | Reached skill level 16 in Ranged Weapons
 10333 | Lair:2   | Found a hole to the Spider Nest.
 10515 | Lair:2   | Noticed Harold
 10723 | Lair:2   | Reached XP level 12. HP: 90/90 MP: 15/15
 11062 | Lair:2   | Noticed a five-headed hydra
 11070 | Lair:2   | Killed a five-headed hydra
 11339 | Lair:2   | Killed Harold
 11891 | Lair:3   | Identified the +1 leather armour "Imefum" {+Inv rN+++ Str-4
                  | Dex-5}
 11976 | Lair:3   | Identified the +3 spear of Descent {holy, rElec rC- rN++
                  | Int-5}
 11991 | Lair:3   | Found a staircase to the Shoals.
 12268 | Lair:3   | Found a dark tunnel.
 12674 | Lair:4   | Found a transporter.
 12674 | Lair:4   | Found a transporter.
 12675 | Lair:4   | Noticed sekai's ghost (journeyman VSBr)
 12794 | Lair:4   | Reached skill level 10 in Dodging
 12842 | Lair:4   | Reached skill level 10 in Fighting
 13310 | Lair:5   | Entered Level 5 of the Lair of Beasts
 13310 | Lair:5   | Noticed a five-headed hydra
 13319 | Lair:5   | Killed a five-headed hydra
 13320 | Lair:5   | Reached XP level 13. HP: 84/101 MP: 16/16
 13355 | Lair:5   | Found a staircase to the Slime Pits.
 14295 | Lair:5   | Identified the +6 morningstar "Heptet" {heavy, rN++ Dex-3}
 14468 | Lair:5   | Learned a level 4 spell: Dimensional Bullseye
 14474 | Lair:5   | Learned a level 5 spell: Yara's Violent Unravelling
 14575 | D:12     | Found Mietazaz's Weapon Emporium.
 14575 | D:12     | Found a staircase to the Orcish Mines.
 14835 | D:12     | Lost mutation: You are occasionally teleported next to
                  | monsters. [potion of mutation]
 14835 | D:12     | Lost mutation: You occasionally lose the ability to drink
                  | potions when taking damage. [potion of mutation]
 14835 | D:12     | Gained mutation: You are strong-willed. (Will+) [potion of
                  | mutation]
 14912 | D:12     | Found Qoelur's Armour Emporium.
 14917 | D:12     | Bought a +0 longbow for 71 gold pieces
 15089 | D:12     | Lost mutation: You are frail. (-10% HP) [potion of
                  | mutation]
 15089 | D:12     | Lost mutation: You occasionally shout uncontrollably at
                  | your foes. [potion of mutation]
 15089 | D:12     | Lost mutation: You have a pair of small horns on your head.
                  | [potion of mutation]
 15089 | D:12     | Gained mutation: You are clumsy. (Dex -2) [potion of
                  | mutation]
 15089 | D:12     | Gained mutation: You have a somewhat thin skeletal
                  | structure. (Dex +2, Stealth+) [potion of mutation]
 15089 | D:12     | Gained mutation: A frigid envelope surrounds you and
                  | freezes all who hurt you. [potion of mutation]
 15089 | D:12     | Gained mutation: You have sharp fingernails. [potion of
                  | mutation]
 15327 | Orc:1    | Entered Level 1 of the Orcish Mines
 15364 | Orc:1    | Reached XP level 14. HP: 124/124 MP: 17/17
 15646 | Orc:2    | Entered Level 2 of the Orcish Mines
 15741 | Orc:2    | Found Ucvonki's Antique Armour Shop.
 15963 | Orc:2    | Found a staircase to the Elven Halls.
 16086 | Orc:2    | Found Bikhym's Armour Emporium.
 16087 | Orc:2    | Found Iqookich's Antique Weapon Shoppe.
 16125 | Orc:2    | Noticed Saint Roka
 16176 | Orc:2    | Killed Saint Roka
 16177 | Orc:2    | Reached skill level 17 in Ranged Weapons
 16214 | Orc:2    | Found Goriog's Armour Emporium.
 16267 | Orc:2    | Found Tiuzuaje's General Store.
 16499 | Orc:2    | Noticed Donald
 16513 | Orc:2    | Killed Donald
 17182 | D:13     | Found a frozen archway.
 17198 | IceCv    | Entered an ice cave
 17463 | IceCv    | Found the +18 shield of the Gong {Loud rN+ Will+ rCorr
                  | EV-5}
 18391 | D:14     | Found a gate to the Vaults.
 18704 | D:14     | Reached XP level 15. HP: 134/134 MP: 18/18
 18782 | D:15     | Entered Level 15 of the Dungeon
 18791 | D:15     | Found Fohyj's Jewellery Shop.
 19362 | D:15     | Found a portal to a secret trove of treasure.
 19505 | D:15     | Found a staircase to the Depths.
 19711 | Shoals:1 | Entered Level 1 of the Shoals
 19804 | Shoals:1 | Reached skill level 18 in Ranged Weapons
 20060 | Shoals:1 | Noticed Nikola
 20068 | Shoals:1 | Killed Nikola
 20615 | Shoals:2 | Reached skill level 15 in Dodging
 21418 | Shoals:3 | Found Vois's Gadget Gallery.
 21449 | Shoals:3 | Bought a condenser vane for 440 gold pieces
 21891 | Shoals:4 | Entered Level 4 of the Shoals
 21916 | Shoals:4 | Reached XP level 16. HP: 107/147 MP: 19/19
 22010 | Shoals:4 | Reached skill level 19 in Ranged Weapons
 22126 | Shoals:4 | Reached skill level 15 in Fighting
 22383 | Shoals:4 | Identified the scarf of the Northern Lights {shadows, rC-
                  | Regen+ Str+6}
 22531 | Shoals:4 | Identified the scarf of the Catamount {+Inv, Str+7}
 22676 | Shoals:4 | Reached skill level 20 in Ranged Weapons
 22746 | Shoals:4 | Noticed Polyphemus
 22831 | Shoals:4 | Reached skill level 1 in Translocations
 22837 | Shoals:4 | Reached skill level 1 in Spellcasting
 22878 | Shoals:4 | Got a barnacled rune of Zot
 23302 | Shoals:4 | Killed Polyphemus
 23788 | Lair:4   | Killed sekai's ghost
 23822 | Lair:4   | Identified the scarf "Zih Tafu" {repulsion, Fly Str+4
                  | Int-5}
 23949 | Elf:1    | Entered Level 1 of the Elven Halls
 24030 | Elf:1    | Noticed Frances
 24038 | Elf:1    | Killed Frances
 24098 | Elf:1    | Noticed Zenata
 24114 | Elf:1    | HP: 6/135 [+6 dire flail of draining[Zenata] (12)]
 24114 | Elf:1    | Mangled by a +6 dire flail of draining

Illustrated notes

Levels and vault maps discovered:
D:1:      lightli_arrival_isolated_outpost, layout_basic, serial_shops,
          nicolae_shop_tiny_real_fake_doors, chequers_ecumenical_altar_twisty,
          amcnicky_mini_pool_small, st_stairs_6, minmay_tree_intersection
D:2:      minmay_chambers_of_ones, layout_loops_ring, minmay_divided_ellipse
D:3:      layout_rooms, demons_altar
D:4:      layout_basic, serial_shops, shop, kennysheep_donut
D:5:      kennysheep_spiral_hall, layout_cave_pools, jmf_multi_god_temple,
          nicolae_dithmenos_through_a_glass_darkly
D:6:      layout_basic
D:7:      layout_cave_pools, fedhas_ov_isle_minmay,
          mainiacjoe_overflow_alcove_2, mainiacjoe_overflow_catch_the_wave,
          minmay_temple_entry_fiery, uniq_menkaure, uniq_maggie
D:8:      layout_cave_pods, zin_scriptorium, uniq_jeremiah
D:9:      layout_long_grid, nicolae_uskayaw_dance_studio
D:10:     layout_roguey, erik_lair_orcish_takeover,
          nicolae_shop_overcharged_wands
D:11:     layout_roguey, serial_bayou, serial_bayou_lagoon_b,
          serial_bayou_pond_a, serial_bayou_pond_a, serial_bayou_lake_a,
          serial_bayou_pond_b, serial_bayou_ford_a, vehumet_crystals
D:12:     layout_loops_ring, orc_david_3
D:13:     layout_irregular_city, portal_ice_cave_entry_pillars_2
D:14:     layout_rooms, david_vaults_1, corexii_corridor_pit, minivault_16,
          hangedman_abyss_or_decor_clamps, minmay_more_statues
D:15:     grunt_enter_depths_hoard, layout_loops_ring, serial_shops, shop,
          enter_trove_5, minmay_misc_feat_roman
Lair:1:   hellmonk_destroyed_diamonds, layout_long_grid, st_stairs_12,
          nicolae_quartered_pool_super, grunt_forest_stairs_basic,
          patterned_corridor, lemuel_fruit_fields
Lair:2:   layout_hall_layers, nicolae_spider_entry_tight_spaces, uniq_harold
Lair:3:   layout_hall_layers, minmay_shoals_entry_centaurs,
          nicolae_volcano_entry_vermiform, small_statue_intersection
Lair:4:   layout_regular_city, gammafunk_ghost_hive
Lair:5:   grunt_lair_end_beastmaster, layout_small_grid, slime_entry_1,
          nicolae_lair_grazing_beasts [nicolae_sub_lair_graze_edge,
          nicolae_sub_lair_graze_edge, nicolae_sub_lair_graze_edge,
          nicolae_sub_lair_graze_edge], lemuel_fruit_tree
Shoals:1: layout_shoals, nicolae_shoals_undead_eyrie, uniq_nikola
Shoals:2: layout_shoals
Shoals:3: layout_shoals, nicolae_shop_gadgets
Shoals:4: shoals_end_grunt_ice, layout_shoals, uniq_polyphemus
Orc:1:    layout_caves
Orc:2:    st_orc_town, layout_caves, serial_shops, shop, uniq_saint_roka,
          uniq_donald
Elf:1:    eino_elf_arrival_customs, layout_geoelf_diagonals,
          gammafunk_ghost_fury_of_okawaru, nicolae_elf_crossing_hall,
          uniq_frances, uniq_zenata

Skill      XL: |  1  2  3  4  5  6  7  8  9 10 11 12 13 14 15 16 |
---------------+-------------------------------------------------+-----
Ranged Weapons | 4 5 6 7 8 9 10 11 14 16 17 18 20 | 20.0
Fighting       | 5 6 7 10 11 12 14 15 | 15.0
Dodging        | 5 6 7 10 12 14 15 | 15.2
Translocations | 2 |  2.8
Spellcasting   | 2 |  2.5
Stealth        | |  0.8

Action                     |  1- 3 |  4- 6 |  7- 9 | 10-12 | 13-15 | 16-18 || total
---------------------------+-------+-------+-------+-------+-------+-------++-------
   Fire: Shortbow          |   119 |   245 |   140 |       |       |       ||   504
         Orcbow            |       |       |   174 |   929 |   281 |       ||  1384
         Longbow           |       |       |       |       |  1037 |   349 ||  1386
  Throw: Dart              |       |       |       |     4 |     3 |     1 ||     8
  Evoke: Wand              |       |       |    12 |     2 |     2 |       ||    16
    Use: Scroll            |       |       |       |    18 |     8 |     2 ||    28
         Potion            |       |       |       |     6 |     2 |       ||     8
 Armour: Leather armour    |     8 |       |       |       |       |       ||     8
         Robe              |    29 |    49 |    36 |       |       |       ||   114
         Steam dragon scal |       |       |    28 |    21 |       |       ||    49
         Troll leather arm |       |       |       |   185 |   165 |    55 ||   405
  Dodge: Dodged            |    23 |    65 |    76 |   299 |   570 |   142 ||  1175

Table legend: (Time is in decaauts)
 A = Elapsed time spent in this place.
 B = Non-inter-level travel time spent in this place.
 C = Inter-level travel time spent in this place.
 D = Time resting spent in this place.
 E = Time spent auto-exploring this place.
 F = Levels seen in this place.
 G = Mean time per level.
                   A        B        C        D        E       F      G
               +--------+--------+--------+--------+--------+-----+--------+
         Total |  24190 |  22789 |   1401 |    457 |  17823 |  28 |  863.9 |
       Dungeon |  12777 |  12042 |    735 |    409 |   9338 |  15 |  851.8 |
          Lair |   5003 |   4608 |    395 |      0 |   3778 |   5 | 1000.6 |
        Shoals |   4346 |   4122 |    224 |      0 |   3365 |   4 | 1086.5 |
  Orcish Mines |   1372 |   1328 |     44 |     48 |    888 |   2 |  686.0 |
   Elven Halls |    154 |    154 |      0 |      0 |    116 |   1 |  154.0 |
      Ice Cave |    535 |    535 |      0 |      0 |    337 |   1 |  535.0 |
               +--------+--------+--------+--------+--------+-----+--------+

Top non-repeatable levels by time:
Shoals:4: 1899 daAuts
     D:2: 1373 daAuts
  Lair:2: 1218 daAuts
     D:5: 1211 daAuts
  Lair:5: 1125 daAuts
    D:11: 1073 daAuts
Shoals:1: 1007 daAuts
   Orc:2: 986 daAuts
  Lair:4: 935 daAuts
     D:9: 901 daAuts
  Lair:1: 886 daAuts
     D:1: 855 daAuts
    D:10: 851 daAuts
  Lair:3: 837 daAuts
Shoals:3: 835 daAuts
